 Dungeon Crawl Stone Soup version 0.19-a0-599-g723c685 (webtiles) character file.

46 mopl the Ruffian (level 3, -2/31 HPs)
             Began as a Naga Transmuter on June 11, 2016.
             Slain by a gnoll
             ... wielding a +0 flail
              (10 damage)
             ... on level 1 of the Dungeon.
             The game lasted 00:02:12 (1558 turns).

mopl the Ruffian (Naga Transmuter)                  Turns: 1558, Time: 00:02:12

Health: -2/31      AC:  2    Str: 13    XL:     3   Next: 66%
Magic:  0/6        EV: 19    Int: 13    God:
Gold:   23         SH:  3    Dex: 16    Spells: 3 memorised, 0 levels left

rFire  . . .     SeeInvis +       - Unarmed
rCold  . . .     Gourm    .     (armour currently unavailable)
rNeg   . . .     Faith    .     (shield currently unavailable)
rPois  x         Spirit   .     (helmet currently unavailable)
rElec  .         Dismiss  .     (cloak currently unavailable)
rCorr  .         Reflect  +     (gloves currently unavailable)
SustAt .         Harm     .     (no barding)
MR     .....                    o - +3 amulet of reflection
Stlth  +.........               (no ring)
                                (no ring)

@: spider-form (expiring), very slightly contaminated, not resistant to hostile
enchantments, very unstealthy
A: see invisible, (deformed body), (poison resistance), (slowness 0), slow
metabolism 1, spit poison 2, AC +1
a: Spit Poison, End Transformation


You were on level 1 of the Dungeon.
You were not hungry.
You were a venomous arachnid creature.
You visited 1 branch of the dungeon, and saw 2 of its levels.

You collected 23 gold pieces.

Inventory:

Missiles
 a - 12 arrows
 g - 77 stones (quivered)
 l - 10 poisoned needles
Armour
 e - a +0 buckler
 f - a +1 robe of magic resistance (melded)
Jewellery
 o - a +3 amulet of reflection (around neck)
Scrolls
 b - 3 scrolls of remove curse {unknown}
 k - a scroll of blinking {unknown}
Potions
 h - a potion of might {unknown}
 i - a potion of mutation {unknown}
 j - a potion of curing {unknown}
 m - 2 potions of degeneration {unknown}
Books
 c - a book of Changes

   Spells                             Type                      Level
   a - Beastly Appendage              Transmutation                1
   b - Sticks to Snakes               Transmutation                2
   c - Spider Form                    Transmutation/Poison         3
   d - Ice Form                       Ice/Transmutation            4
   e - Blade Hands                    Transmutation                5
Comestibles
 d - a bread ration
 n - 4 fruits
 p - 3 chunks of flesh


   Skills:
 - Level 1.0 Fighting
 - Level 1.5 Dodging
 * Level 4.0 Unarmed Combat
 - Level 2.0 Spellcasting
 + Level 2.6 Transmutations
 + Level 1.0 Poison Magic


You couldn't memorise any spells.
You knew the following spells:

 Your Spells              Type           Power        Failure   Level  Hunger
a - Beastly Appendage     Tmut           #.....       24%         1    ##.....
b - Spider Form           Tmut/Pois      #.........   61%         3    ####...
w - Sticks to Snakes      Tmut           #.......     32%         2    ###....


Dungeon Overview and Level Annotations

Branches:
Dungeon (2/15)

Altars:


Innate Abilities, Weirdness & Mutations

You cannot wear boots.
((Your serpentine skin is tough. (AC +1)))
You have supernaturally acute eyesight. (SInv)
((Armour fits poorly on your strangely shaped body.))
((Your system is resistant to poisons. (rPois)))
((You cover ground very slowly.))
You have a slow metabolism.
You can spit poison.


Message History

Unknown command.
Your transformation is almost over.
You climb downwards.
A rat, a gnoll and a kobold come into view.
The kobold shouts!
The gnoll moves out of view.
The gnoll hits you with a club! The gnoll hits you with a flail!
There is a stone staircase leading up, spattered with blood here.
The gnoll completely misses you. The gnoll hits you with a flail.
* * * LOW HITPOINT WARNING * * *
You climb upwards.
There is a stone staircase leading down here.
Unknown command.
You hit the gnoll.
The gnoll is poisoned.
The gnoll is heavily wounded.
The gnoll closely misses you.
You hit the gnoll.
The gnoll looks even sicker.
The gnoll is severely wounded.
The gnoll hits you with a flail!
You die...

♣.P≈8≈P.♣##
♣.P≈≈≈P...#
♣.PPPPP♣♣.# #####
♣......<♣.# #...#
♣♣♣♣♣♣♣♣♣.# #...#
#.#########...######
#.........#...+.....
########...#...######
#..gsg.'...'.........
#.##.###..b###.######
#.##.###...###.######
#....................
#######.######'######
#..........#
#..........#
#..........#
#..........#


You could see 2 gnolls and a bat.

Vanquished Creatures
  A gnoll (D:1)
  2 oozes (D:1)
  3 giant geckos (D:1)
  2 giant cockroaches (D:1)
  3 goblins (D:1)
  4 jackals (D:1)
  2 bats (D:1)
  3 giant newts (D:1)
  4 kobolds (D:1)
  2 rats (D:1)
26 creatures vanquished.

Notes
Turn   | Place    | Note
--------------------------------------------------------------
     0 | D:1      | mopl the Naga Transmuter began the quest for the Orb.
     0 | D:1      | Reached XP level 1. HP: 18/18 MP: 3/3
    53 | D:1      | Reached XP level 2. HP: 22/25 MP: 3/5
    57 | D:1      | Learned a level 2 spell: Sticks to Snakes
   926 | D:1      | Reached XP level 3. HP: 24/31 MP: 6/6
   931 | D:1      | Learned a level 3 spell: Spider Form
  1497 | D:1      | Reached skill level 4 in Unarmed Combat
  1497 | D:1      | Reached skill level 1 in Poison Magic
  1558 | D:1      | Slain by a gnoll

Vault maps used:
D:1:      tarquinn_simple_flora_water_a
D:2:      old_standard_altar, grunt_temple_overflow_open, uniq_natasha

Skill      XL: |  1  2  3 |
---------------+----------+-----
Unarmed Combat | 4 |  4.0
Poison Magic   | 1 |  1.0
Fighting       | |  1.0
Dodging        | |  1.5
Spellcasting   | |  2.0
Transmutations | |  2.6

Action                   || total
-------------------------++-------
Melee: Unarmed           ||    78
       Headbutt          ||     3
 Cast: Beastly Appendage ||     9
       Spider Form       ||     3
 Abil: Spit Poison       ||    10
  Eat: Chunk             ||     2
Armor: Robe              ||     8
       Skin              ||     1
Dodge: Dodged            ||    51
